 Dungeon Crawl Stone Soup version 0.25-a0-934-g041635d5d1 (webtiles) character file.

Game seed: 4281121823844610651, levelgen mode: deterministic

4532 Azyl the Severer (level 10, -4/84 HPs)
             Began as a Hill Orc Fighter on May 4, 2020.
             Was an Elder of Makhleb.
             Slain by a slime creature (8 damage)
             ... on level 9 of the Dungeon.
             The game lasted 00:36:18 (8474 turns).

Azyl the Severer (Hill Orc Fighter)                 Turns: 8474, Time: 00:36:19

Health: -4/84      AC: 19    Str: 22    XL:     10   Next: 39%
Magic:  11/11      EV:  4    Int:  9    God:    Makhleb [****..]
Gold:   249        SH: 13    Dex: 12    Spells: 5/9 levels left

rFire    + . .     SeeInvis +   a - +2 war axe
rCold    . . .     Gourm    .   y - +3 kite shield "Kutad" {rPois rF+ Regen+}
rNeg     . . .     Faith    .   b - +0 plate armour
rPois    +         Spirit   .   (no helmet)
rElec    .         Reflect  .   p - +2 cloak
rCorr    .         Harm     .   n - +2 pair of gloves {archery}
MR       .....                  v - +0 pair of boots
Stlth    ..........             u - amulet of the acrobat
HPRegen  0.64/turn              c - ring of see invisible
MPRegen  0.12/turn              r - +2 ring of dexterity

@: no status effects
A: no striking features
a: Minor Destruction, Lesser Servant of Makhleb, Major Destruction, Renounce
Religion


You were on level 9 of the Dungeon.
You worshipped Makhleb.
Makhleb was greatly pleased with you.
You were hungry.

You visited 1 branch of the dungeon, and saw 9 of its levels.

You collected 529 gold pieces.
You spent 280 gold pieces at shops.

Inventory:

Hand Weapons
 a - a +2 war axe (weapon)
Armour
 b - a +0 plate armour (worn)
 n - a +2 pair of gloves of archery (worn)
 p - a +2 cloak (worn)
 v - a +0 pair of boots (worn)
 y - the +3 kite shield "Kutad" (worn) {rPois rF+ Regen+}
   (You found it on level 4 of the Dungeon)

   It protects you from fire.
   It protects you from poison.
   It increases your rate of regeneration.
Jewellery
 c - a ring of see invisible (left hand)
 r - a +2 ring of dexterity (right hand)
 u - an amulet of the acrobat (around neck)
 A - an uncursed ring of teleportation
 E - an uncursed ring of flight
Wands
 s - a wand of random effects (11)
 w - a wand of paralysis (12)
 x - a wand of acid (16)
 z - a wand of digging (6)
Scrolls
 g - a scroll of fear
 h - 5 scrolls of teleportation
Potions
 d - 3 potions of might
 e - 5 potions of curing
 i - a potion of magic
 j - a potion of haste
 k - 5 potions of heal wounds
 l - 2 potions of flight
 o - a potion of mutation
 q - a potion of berserk rage
 t - a potion of brilliance
 B - 2 potions of lignification {unknown}
 C - 2 potions of ambrosia
 D - a potion of resistance {unknown}
Comestibles
 f - 14 rations
 m - a chunk of flesh


   Skills:
 * Level 6.8 Fighting
 - Level 16.0 Axes
 - Level 0.5 Throwing
 + Level 4.5 Armour
 - Level 0.6 Dodging
 - Level 4.7 Shields
 - Level 0.7 Unarmed Combat
 * Level 1.2 Hexes
 - Level 2.2 Invocations
 - Level 0.6 Evocations


You had 5 spell levels left.
You knew the following spells:

 Your Spells              Type           Power        Failure   Level  Hunger
a - Blink                 Tloc           N/A          100%        2    ###....
b - Slow                  Hex            #.......     100%        2    ###....

Your spell library contained the following spells:

 Spells                   Type           Power        Failure   Level  Hunger
 Magic Dart               Conj           #...         100%        1    ##.....
 Call Imp                 Summ           #.......     100%        2    ###....
 Poisonous Vapours        Pois/Air       #.....       100%        2    ###....
 Searing Ray              Conj           #.....       100%        2    ###....
 Conjure Flame            Conj/Fire      #.......     100%        3    ####...
 Dazzling Flash           Conj/Hex       #.....       100%        3    ####...
 Mephitic Cloud           Conj/Pois/Air  #.......     100%        3    ####...
 Fulminant Prism          Conj/Hex       #.........   100%        4    #####..
 Iskenderun's Mystic Bla  Conj/Tloc      #.......     100%        4    #####..
 Bolt of Magma            Conj/Fire/Erth #.........   100%        5    ######.
 Iskenderun's Battlesphe  Conj/Chrm      #.......     100%        5    ######.
 Freezing Cloud           Conj/Ice/Air   #.........   100%        6    #######
 Iron Shot                Conj/Erth      #.........   100%        6    #######
 Orb of Destruction       Conj           #.........   100%        7    #######
 Ring of Flames           Chrm/Fire      #.........   100%        7    #######
 Spellforged Servitor     Conj/Summ      #.........   100%        7    #######


Dungeon Overview and Level Annotations

Branches:
Dungeon (9/15)             Temple (0/1) D:6
   Lair: D:8-11         Orc: D:9-12

Altars:
Cheibriados
Elyvilon
Makhleb
Vehumet
Wu Jian
The Shining One

Shops:
D:6 *   D:7 }   D:9 :

Annotations:
D:8 Gastronok


Message History

You slash the slime creature!
The slime creature is severely wounded.
You hit the slime creature. You slash the slime creature!
The slime creature hits you but does no damage.
You block the slime creature's attack.
You slash the slime creature!
The slime creature is almost dead.
Your shield and plate armour prevent you from hitting the slime creature.
You hit the slime creature. You block the slime creature's attack.
The slime creature hits you.
* * * LOW HITPOINT WARNING * * *
The slime creature hits you but does no damage.
Your plate armour prevents you from hitting the slime creature.
The slime creature is almost dead.
You hit the slime creature.
Your shield and plate armour prevent you from hitting the slime creature.
You block the slime creature's attack. The slime creature hits you!
* * * LOW HITPOINT WARNING * * *
The slime creature hits you!
You die...

#........# #........# ###
#...#.##.# ###.# #...#.##.#
#...### #......#.###.....#
##### #....#.#.......#.#
#....
##.#...........#.####.###
##..#....##.....#.......##
#..##....@J...............
#.###....JJ.#...#.....>.##
##................(...(....
##...#####.....#.##(..)..#..
#....# ##.....#.###).())...
##..### #..........)(###....
#...######.#........#####(...
##..............#..## ##.....
#.<∩...............# #......


You could see 3 slime creatures.

Vanquished Creatures
  A hornet (D:9)
  A slime creature (D:9)
  Sigmund (D:4)
  A spriggan (D:7)
  The ghost of Nixze the Cudgeler, an amateur MiFi (D:3)
  4 water moccasins
  2 sky beasts
  An ice beast (D:9)
  4 phantoms
  4 ogres
  5 centaurs
  2 bullfrogs
  A wyvern skeleton (D:9)
  A scorpion (D:5)
  6 killer bees (D:9)
  3 crimson imps
  3 quasits (D:3)
  3 centaur skeletons
  2 hounds
  4 jellies
  4 bullfrog skeletons
  2 orc priests
  2 iguanas
  Natasha (twice) (D:2)
  5 orc wizards
  3 worker ants
  A worker ant zombie (D:7)
  9 gnolls
  16 adders
  6 shadow imps
  3 adder skeletons
  4 worms
  A dart slug (D:3)
  6 leopard geckos
  26 orcs
  11 bats
  7 giant cockroaches
  7 hobgoblins
  13 jackals
  3 quokkas
  3 ball pythons
  A ball python zombie (D:6)
  4 frilled lizards
  8 goblins
  A jackal skeleton (D:5)
  8 kobolds
  A leopard gecko skeleton (D:8)
  7 rats
214 creatures vanquished.

Notes
Turn   | Place    | Note
-------+----------+-------------------------------------------
     0 | D:1      | Azyl the Hill Orc Fighter began the quest for the Orb.
     0 | D:1      | Reached XP level 1. HP: 19/19 MP: 1/1
    79 | D:1      | Reached skill level 3 in Axes
   165 | D:1      | Reached XP level 2. HP: 25/26 MP: 2/2
   288 | D:1      | Reached skill level 4 in Axes
   472 | D:1      | Reached XP level 3. HP: 31/31 MP: 3/3
  1061 | D:2      | Found a radiant altar of Vehumet.
  1062 | D:2      | Found a burning altar of Makhleb.
  1070 | D:2      | Became a worshipper of Makhleb the Destroyer
  1131 | D:2      | Noticed Natasha
  1142 | D:2      | Killed Natasha
  1142 | D:2      | Reached skill level 5 in Axes
  1142 | D:2      | Reached XP level 4. HP: 28/39 MP: 4/4
  1234 | D:2      | Found an ornate altar of the Wu Jian Council.
  1297 | D:2      | Reached skill level 6 in Axes
  1301 | D:2      | Noticed Natasha
  1437 | D:2      | Found a white marble altar of Elyvilon.
  1461 | D:2      | Found a glowing golden altar of the Shining One.
  1623 | D:2      | Reached XP level 5. HP: 45/45 MP: 5/5
  1919 | D:2      | Reached * piety under Makhleb
  2147 | D:2      | Killed Natasha
  2147 | D:2      | Reached skill level 7 in Axes
  2468 | D:3      | Reached XP level 6. HP: 39/51 MP: 6/6
  2546 | D:3      | Found a transporter.
  2564 | D:3      | Noticed Nixze's ghost (amateur MiFi)
  2570 | D:3      | Found a transporter.
  2612 | D:3      | Found a faded altar of an unknown god.
  2707 | D:3      | Reached skill level 8 in Axes
  2942 | D:3      | Reached ** piety under Makhleb
  2970 | D:3      | Found a snail-covered altar of Cheibriados.
  3225 | D:3      | Reached skill level 9 in Axes
  3265 | D:3      | Killed Nixze's ghost
  3265 | D:3      | Reached skill level 10 in Axes
  3265 | D:3      | Reached XP level 7. HP: 37/57 MP: 7/7
  3897 | D:4      | Paralysed by a gnoll for 6 turns
  3965 | D:4      | Got a warped kite shield
  3976 | D:4      | Identified the +3 kite shield "Kutad" {rPois rF+ Regen+}
                  | (You found it on level 4 of the Dungeon)
  3980 | D:4      | Noticed Sigmund
  3992 | D:4      | Killed Sigmund
  3992 | D:4      | Reached skill level 11 in Axes
  4210 | D:5      | Entered Level 5 of the Dungeon
  4262 | D:5      | Reached XP level 8. HP: 52/64 MP: 8/8
  4304 | D:4      | Reached skill level 12 in Axes
  4798 | D:5      | Reached skill level 13 in Axes
  4916 | D:6      | Found a staircase to the Ecumenical Temple.
  5282 | D:6      | Reached *** piety under Makhleb
  5379 | D:6      | Reached skill level 14 in Axes
  5379 | D:6      | Reached XP level 9. HP: 70/70 MP: 9/9
  5417 | D:6      | Found Caylais's Serpentskin Sales.
  6174 | D:7      | Reached skill level 15 in Axes
  6705 | D:7      | Found Soxoh's Gadget Shoppe.
  6993 | D:8      | Noticed Gastronok
  7440 | D:8      | Reached skill level 16 in Axes
  7440 | D:8      | Reached skill level 1 in Invocations
  7453 | D:8      | Reached **** piety under Makhleb
  7786 | D:8      | Reached XP level 10. HP: 80/80 MP: 11/11
  7932 | D:9      | Reached skill level 5 in Fighting
  8135 | D:9      | Paralysed by a hornet for 1 turns
  8240 | D:9      | Found Xyefext's Book Boutique.
  8248 | D:9      | Bought a book of Minor Magic for 280 gold pieces
  8251 | D:9      | Learned a level 2 spell: Blink
  8254 | D:9      | Learned a level 2 spell: Slow
  8422 | D:9      | Reached skill level 1 in Hexes
  8474 | D:9      | HP: 4/84 [slime creature (14)]
  8474 | D:9      | Slain by a slime creature

Levels and vault maps discovered:
D:1:      dpeg_arrival_triangle_fractal, layout_basic
D:2:      layout_loops_corners, gammafunk_temple_overflow_statue,
          lemuel_doored_altar, minitemple, serial_forest,
          infiniplex_forest_zigzag_1, infiniplex_forest_lined_2,
          infiniplex_forest_clump_C, infiniplex_forest_fountain,
          infiniplex_forest_corner_2, infiniplex_forest_zigzag_2,
          infiniplex_forest_lined_room_2, infiniplex_forest_clump_curved,
          grunt_ministairs_14, serial_bayou_pond_d, uniq_natasha
D:3:      layout_basic, nicolae_overflow_hidden_temple,
          gammafunk_ghost_stat_death, chequers_ecumenical_altar_twisty
D:4:      layout_basic, first_ration, uniq_sigmund
D:5:      layout_loops_cross
D:6:      minmay_spotlight, layout_layer_cave, temple_doors_cd,
          guppyfry_shop_venom
D:7:      layout_loops_corners, serial_shops,
          nicolae_shop_competitors_out_of_business, the_bakery
D:8:      layout_basic, minmay_fractal_squares_5, uniq_gastronok
D:9:      layout_rooms, serial_shops, shop

Skill      XL: |  1  2  3  4  5  6  7  8  9 10 |
---------------+-------------------------------+-----
Axes           | 3 4 5 6 7 10 11 14 16 | 16.0
Invocations    | 2 |  2.2
Fighting       | 4 6 |  6.8
Shields        | 4 |  4.7
Armour         | 4 |  4.5
Hexes          | 1 |  1.2
Throwing       | |  0.5
Dodging        | |  0.6
Unarmed Combat | |  0.7
Evocations     | |  0.6

Action                   |  1- 3 |  4- 6 |  7- 9 | 10-12 || total
-------------------------+-------+-------+-------+-------++-------
Melee: War axe           |   117 |   267 |   378 |   110 ||   872
  Use: Scroll            |       |     7 |    11 |     4 ||    22
       Potion            |       |       |       |     1 ||     1
  Eat: Chunk             |     1 |     7 |     2 |     1 ||    11
       Ration            |       |       |     4 |       ||     4
Armor: Scale mail        |    48 |   101 |       |       ||   149
       Plate armour      |       |   166 |   132 |    45 ||   343
       Chain mail        |       |     2 |       |       ||     2
Dodge: Dodged            |    42 |    81 |    58 |    36 ||   217
Block: Kite shield       |    64 |   168 |   153 |    61 ||   446

Table legend:
 A = Non-vault XP
 B = Vault XP
 C = Vault XP percentage of total XP
 D = Non-vault monster count
 E = Vault monster count
 F = Vault count percentage of total count
                 A         B        C        D         E       F
            +---------+---------+-------+---------+---------+-------
      Total |    5253 |    1222 |  18.9 |     196 |      18 |   8.4
            +---------+---------+-------+---------+---------+-------
        D:1 |      44 |       0 |   0.0 |      25 |       0 |   0.0
        D:2 |     148 |      38 |  20.4 |      29 |       3 |   9.4
        D:3 |     205 |     331 |  61.8 |      33 |       4 |  10.8
        D:4 |     218 |     220 |  50.2 |      12 |       1 |   7.7
        D:5 |     718 |       0 |   0.0 |      16 |       0 |   0.0
        D:6 |     415 |     403 |  49.3 |      14 |       7 |  33.3
        D:7 |     700 |     215 |  23.5 |      20 |       1 |   4.8
        D:8 |    1094 |      15 |   1.4 |      17 |       2 |  10.5
        D:9 |    1711 |       0 |   0.0 |      30 |       0 |   0.0
            +---------+---------+-------+---------+---------+-------
